 Dungeon Crawl Stone Soup version 0.31-a0-466-g98c9adc2b6 (webtiles) character file.

Game seed: 1124631427501059067

1374 Lorrdernie the Carver (level 8, -3/64 HPs)
             Began as a Minotaur Fighter on Aug 6, 2023.
             Was a Follower of Okawaru.
             Slain by an orc warrior
             ... wielding a +0 battleaxe
              (5 damage)
             ... on level 6 of the Dungeon.
             The game lasted 00:06:44 (5070 turns).

Lorrdernie the Carver (Minotaur Fighter)            Turns: 5070, Time: 00:06:44

Health: -3/64      AC: 15    Str: 26    XL:     8   Next: 39%
Magic:  7/7        EV: 23    Int:  7    God:    Okawaru [*.....]
Gold:   269        SH:  5    Dex: 11    Spells: 7/7 levels left

rFire   . . .        a - +0 long sword
rCold   + . .        c - +0 buckler
rNeg    . . .        f - +2 chain mail {rC+}
rPois   .            (helmet restricted)
rElec   .            w - +0 cloak
rCorr   .            (no gloves)
SInv    .            B - +2 pair of boots
Will    .....        D - amulet of the acrobat Stlth
                     i - +6 ring of strength
HPRegen 0.30/turn    (no ring)
MPRegen 0.10/turn

%: acrobat
@: acrobatic
A: horns 2, retaliatory headbutt
a: Renounce Religion, Heroism


You were on level 6 of the Dungeon.
You worshipped Okawaru.
Okawaru was aware of your devotion.
You visited 2 branches of the dungeon, and saw 7 of its levels.

You collected 269 gold pieces.

Inventory:

Hand Weapons
 a - a +0 long sword (weapon)
Missiles
 n - 5 poisoned darts (quivered)
Armour
 b - a +0 scale mail
 c - a +0 buckler (worn)
 f - a +2 chain mail of cold resistance (worn)
 v - a scarf of resistance
 w - a +0 cloak (worn)
 B - a +2 pair of boots (worn)
Jewellery
 i - a +6 ring of strength (left hand)
 D - an amulet of the acrobat (around neck)
 E - a ring of protection from fire
Wands
 C - a wand of flame (10)
Scrolls
 e - 5 scrolls of identify
 h - 2 scrolls of revelation {unknown}
 j - a scroll of noise
 k - a scroll of enchant weapon {unknown}
 l - a scroll of fog {unknown}
 o - 3 scrolls of amnesia {unknown}
 p - 6 scrolls of teleportation {unknown}
 u - a scroll of blinking {unknown}
 x - 2 scrolls of enchant armour {unknown}
 y - a scroll of poison {unknown}
 A - a scroll of immolation {unknown}
Potions
 d - 2 potions of might
 g - 2 potions of enlightenment {unknown}
 m - a potion of mutation {unknown}
 q - a potion of resistance {unknown}
 r - 2 potions of cancellation {unknown}
 s - 2 potions of berserk rage {unknown}
 t - a potion of attraction {unknown}
 z - 3 potions of lignification {unknown}
 F - 2 potions of curing {unknown}


   Skills:
 - Level 3.6 Fighting
 + Level 12.0 Long Blades
 - Level 3.6 Armour
 - Level 5.0 Shields


You had 7 spell levels left.
You didn't know any spells.
Your spell library contained the following spells:

 Spells                   Type           Power      Damage    Failure   Level
 Vhi's Electric Charge    Tloc/Air       0%         N/A       100%        3
 Olgreb's Toxic Radiance  Pois           0%         N/A       100%        4
 Arcjolt                  Conj/Air       0%         1d10      100%        5
 Discord                  Hex            0%         N/A       100%        8
 Ignition                 Fire           0%         3d3       100%        8
 Maxwell's Capacitive Co  Air            0%         ∞         100%        8


Dungeon Overview and Level Annotations

Branches:
Dungeon (6/15)             Temple (1/1) D:5

Altars:
Ashenzari
Cheibriados
Kikubaaqudgha
Makhleb
Okawaru
Ru
Sif Muna
Trog
Uskayaw
Vehumet
Wu Jian
Xom
Zin
The Shining One


Innate Abilities, Weirdness & Mutations

You have a pair of horns on your head.
You reflexively headbutt those who attack you in melee.


Message History

Beogh smites you!
* * * LOW HITPOINT WARNING * * *
The orc warrior attacks as you move away!
The orc warrior completely misses you.
Okay, then.
As you read the scroll labelled OLUEFR DEIWO, it crumbles to dust.
It is a scroll of identify.
j - a scroll of noise The orc warrior hits you with a +0 battleaxe!
* * * LOW HITPOINT WARNING * * *
The orc warrior attacks as you move away!
The orc warrior completely misses you.
Found a scroll labelled LOQITR POETU.
The orc warrior attacks as you move away!
The orc warrior completely misses you.
You open the door. The orc warrior barely misses you.
The orc warrior attacks as you move away!
The orc warrior barely misses you.
There is an open door here.
The orc warrior attacks as you move away!
The orc warrior hits you but does no damage.
The orc warrior attacks as you move away!
The orc warrior closely misses you. You furiously retaliate!
You headbutt the orc warrior, but do no damage.
The orc wizard mumbles some strange words.
The orc wizard flickers and vanishes!
Deactivating autopickup; reactivate with Ctrl-A.
The orc warrior attacks as you move away!
You block the orc warrior's attack.
The orc warrior attacks as you move away!
The orc warrior barely misses you. You furiously retaliate!
You headbutt the orc warrior.
The orc warrior attacks as you move away!
The orc warrior misses you.
The orc warrior attacks as you move away!
The orc warrior hits you with a +0 battleaxe!
* * * LOW HITPOINT WARNING * * *
The orc warrior attacks as you move away!
The orc warrior hits you with a +0 battleaxe.
You die...

################
#########..)).#........#
..........###.#.[##....#
..........# #.#..#..##(#
...)....@<# #.#........#
........o## #.)..#..##.#
.........# ####....##.##
#######o########.#.......
..........o.......>....##
###....{###.###.....####
#.....###.# #.##.....#
.........#o# #........#
.##.....#.#.# ###......#


You could see an orc warrior and an orc.

Vanquished Creatures
  Sigmund (D:4)
  A water moccasin (D:3)
  An orc warrior (D:6)
  An ogre (D:4)
  3 centaurs
  A phantom (D:5)
  A kobold brigand (D:4)
  A scorpion (D:4)
  A crimson imp (D:5)
  2 hounds (D:5)
  2 orc priests (D:5)
  Ijyb (D:4)
  An iguana (D:5)
  A gnoll (D:1)
  13 adders
  A worm (D:3)
  8 dart slugs
  19 orcs
  8 ball pythons
  7 bats
  8 endoplasms
  8 giant cockroaches
  10 goblins
  11 hobgoblins
  4 jackals (D:1)
  6 kobolds
  6 quokkas
  3 frilled lizards
  2 rats
132 creatures vanquished.

Notes
Turn   | Place    | Note
-------+----------+-------------------------------------------
     0 | D:1      | Lorrdernie the Minotaur Fighter began the quest for the
                  | Orb.
     0 | D:1      | Reached XP level 1. HP: 19/19 MP: 0/0
   127 | D:1      | Reached XP level 2. HP: 26/26 MP: 1/1
   147 | D:1      | Reached skill level 3 in Long Blades
   394 | D:1      | Reached XP level 3. HP: 28/31 MP: 2/2
   743 | D:1      | Reached skill level 4 in Long Blades
   975 | D:2      | Reached XP level 4. HP: 39/39 MP: 3/3
  1067 | D:2      | Reached skill level 5 in Shields
  1411 | D:2      | Reached skill level 5 in Long Blades
  1518 | D:2      | Reached XP level 5. HP: 45/45 MP: 4/4
  2081 | D:3      | Reached skill level 6 in Long Blades
  2151 | D:3      | Noticed a water moccasin
  2159 | D:3      | Killed a water moccasin
  2160 | D:3      | Reached skill level 7 in Long Blades
  2160 | D:3      | Reached XP level 6. HP: 51/51 MP: 5/5
  2461 | D:4      | Found a shimmering blue altar of Sif Muna.
  2472 | D:4      | Noticed Sigmund
  2482 | D:4      | Killed Sigmund
  2483 | D:4      | Reached skill level 8 in Long Blades
  2546 | D:4      | Reached XP level 7. HP: 57/57 MP: 6/6
  2613 | D:4      | You fall into a shaft and drop 1 floor!
  2613 | D:5      | Entered Level 5 of the Dungeon
  2799 | D:5      | Reached skill level 9 in Long Blades
  3030 | D:4      | Noticed Ijyb
  3055 | D:4      | Killed Ijyb
  3221 | D:4      | Reached skill level 10 in Long Blades
  3706 | D:5      | Found a staircase to the Ecumenical Temple.
  3715 | Temple   | Entered the Ecumenical Temple
  3728 | Temple   | Became a worshipper of Warmaster Okawaru
  3914 | D:5      | Found a broken altar of Ashenzari.
  4107 | D:5      | Reached skill level 11 in Long Blades
  4107 | D:5      | Reached XP level 8. HP: 56/64 MP: 7/7
  4347 | D:5      | Found a hide-covered altar of Uskayaw.
  4397 | D:5      | Found a burning altar of Makhleb.
  4722 | D:6      | HP: 1/64 [orc warrior/+0 battleaxe (10)]
  4732 | D:6      | Reached * piety under Okawaru
  4875 | D:6      | Reached skill level 12 in Long Blades
  5068 | D:6      | HP: 1/64 [orc warrior/+0 battleaxe (12)]
  5070 | D:6      | Slain by an orc warrior

Illustrated notes

Levels and vault maps discovered:
D:1:      evilmike_arrival_crescent, layout_loops_cross,
          minmay_misc_feat_columns, minivault_27, minmay_hexomino_f4
D:2:      layout_loops_ring, small_statue_intersection, minmay_snake_closets
D:3:      layout_basic
D:4:      kennysheep_spiral_hall, layout_basic, nicolae_overflow_crystal_walls,
          portal_sewer_entry_f, uniq_ijyb, uniq_sigmund
D:5:      layout_layer_cave, makhleb_grotto_becter,
          mainiacjoe_overflow_chevrons,
          nicolae_uskayaw_murder_on_the_dancefloor,
          minmay_temple_entry_sparse_star
D:6:      layout_basic
Temple:   dpeg_chambers_temple

Skill      XL: |  1  2  3  4  5  6  7  8 |
---------------+-------------------------+-----
Shields        | 4 5 |  5.0
Long Blades    | 3 4 5 7 8 11 12 | 12.0
Fighting       | |  3.6
Armour         | |  3.6

Action                     |  1- 3 |  4- 6 |  7- 9 || total
---------------------------+-------+-------+-------++-------
  Melee: Long sword        |    99 |    81 |   185 ||   365
         Headbutt          |    17 |    12 |    36 ||    65
    Use: Potion            |       |     1 |     4 ||     5
         Scroll            |       |       |     1 ||     1
 Armour: Scale mail        |    46 |    29 |    24 ||    99
         Chain mail        |       |       |    48 ||    48
  Dodge: Dodged            |    45 |    35 |    70 ||   150
  Block: Buckler           |    21 |    26 |    33 ||    80

Table legend: (Time is in decaauts)
 A = Elapsed time spent in this place.
 B = Non-inter-level travel time spent in this place.
 C = Inter-level travel time spent in this place.
 D = Time resting spent in this place.
 E = Time spent auto-exploring this place.
 F = Levels seen in this place.
 G = Mean time per level.
                   A        B        C        D        E       F      G
               +--------+--------+--------+--------+--------+-----+--------+
         Total |   5094 |   4844 |    250 |    321 |   3473 |   7 |  727.7 |
       Dungeon |   5067 |   4842 |    225 |    321 |   3473 |   6 |  844.5 |
        Temple |     26 |      2 |     24 |      0 |      0 |   1 |   26.0 |
               +--------+--------+--------+--------+--------+-----+--------+

Top non-repeatable levels by time:
     D:5: 1280 daAuts
     D:4: 925 daAuts
     D:1: 918 daAuts
     D:2: 893 daAuts
     D:3: 683 daAuts
     D:6: 366 daAuts
  Temple: 26 daAuts
